 Dungeon Crawl Stone Soup version 0.19.1-1-g22dce08 (webtiles) character file.

119 Faustar the Slasher (level 5, -3/41 HPs)
             Began as a Formicid Abyssal Knight on Dec 31, 2016.
             Was a Believer of Lugonu.
             Slain by a worker ant (4 damage)
             ... on level 4 of the Dungeon.
             The game lasted 00:02:01 (2275 turns).

Faustar the Slasher (Formicid Abyssal Knight)       Turns: 2275, Time: 00:02:02

Health: -3/41      AC:  3    Str: 17    XL:     5   Next: 24%
Magic:  6/6        EV: 14    Int: 12    God:    Lugonu [**....]
Gold:   112        SH:  0    Dex: 10    Spells: 0 memorised, 4 levels left

rFire  + . .     SeeInvis +     a - +1 falchion
rCold  + . .     Gourm    .     b - +0 leather armour
rNeg   . . .     Faith    .     (no shield)
rPois  +         Spirit   .     (helmet unavailable)
rElec  +         Reflect  .     (no cloak)
rCorr  +         Harm     .     (no gloves)
MR     .....                    (no boots)
Stlth  +.........               i - amulet of magic regeneration
                                (no ring)
                                j - +3 ring of evasion

@: lethally poisoned (-3 -> -15), resistant
A: permanent stasis, dig shafts and tunnels, four strong arms, antennae 3
a: Dig, Shaft Self, Depart the Abyss, Bend Space, Renounce Religion


You were on level 4 of the Dungeon.
You worshipped Lugonu.
Lugonu was pleased with you.
You were near starving.

You visited 1 branch of the dungeon, and saw 4 of its levels.
You visited the Abyss 1 time.

You collected 112 gold pieces.

Inventory:

Hand Weapons
 a - a +1 falchion (weapon)
Armour
 b - a +0 leather armour (worn)
Jewellery
 i - an amulet of magic regeneration (around neck)
 j - a +3 ring of evasion (left hand)
 q - a cursed ring of teleportation {unknown}
Scrolls
 f - a scroll of immolation {unknown}
 g - a scroll of fear {unknown}
 h - a scroll of remove curse {unknown}
 m - 2 scrolls of fog {unknown}
 o - a scroll of identify {unknown}
 p - a scroll of teleportation {unknown}
Potions
 l - a potion of might {unknown}
 n - a potion of berserk rage {unknown}
 r - a potion of lignification {unknown}
 t - a potion of heal wounds {unknown}
Comestibles
 c - a bread ration
 d - a beef jerky
 s - a meat ration


   Skills:
 - Level 3.2 Fighting
 + Level 5.0 Long Blades
 - Level 2.1 Armour
 - Level 0.8 Dodging
 - Level 2.1 Invocations


You had 4 spell levels left.
You didn't know any spells.

Dungeon Overview and Level Annotations

Branches:
Dungeon (4/15)
 Temple: D:4-7

Altars:


Innate Abilities, Weirdness & Mutations

You are under a permanent stasis effect.
You can dig through walls and to a lower floor.
Your four strong arms can wield two-handed weapons with a shield.
You have a pair of large antennae on your head. (SInv)


Message History

* * * LOW HITPOINT WARNING * * *
You are poisoned.
The worker ant poisons you!
You hit the worker ant.
The worker ant is heavily wounded.
You feel sick. The worker ant bites you.
* * * LOW HITPOINT WARNING * * *
You barely miss the worker ant.
The worker ant is heavily wounded.
* * * LOW HITPOINT WARNING * * *
You feel sick. The worker ant bites you.
* * * LOW HITPOINT WARNING * * *
You are more poisoned.
The worker ant poisons you!
It was a potion of resistance.
You feel protected.
You are near starving!
* * * LOW HITPOINT WARNING * * *
You feel sick. The worker ant bites you.
You die...

{ #........
+........
#........
##+##........
#............
#......######
#......#
#...a†.#
#....@.#
#......#
#......#
#......#
#......#
#...<..#
#......#
########


You could see a worker ant.

Vanquished Creatures
  A hound (D:4)
  2 adders
  An ooze (D:3)
  2 worms (D:2)
  2 dart slugs (D:1)
  2 leopard geckos
  A ball python (D:1)
  4 giant cockroaches
  3 goblins
  9 hobgoblins
  7 jackals (D:1)
  5 bats
  2 frilled lizards (D:1)
  7 kobolds
  5 rats
53 creatures vanquished.

Vanquished Creatures (others)
  4 toadstools (D:1)
4 creatures vanquished.

Grand Total: 57 creatures vanquished

Notes
Turn   | Place    | Note
-------+----------+-------------------------------------------
     0 | Abyss:1  | Faustar the Formicid Abyssal Knight began the quest for the Orb.
     0 | Abyss:1  | Reached XP level 1. HP: 18/18 MP: 2/2
    10 | Abyss:1  | Noticed a lich
    11 | D:1      | Escaped the Abyss
    58 | D:1      | Reached XP level 2. HP: 19/24 MP: 3/3
   117 | D:1      | Reached * piety under Lugonu
   253 | D:1      | Reached skill level 3 in Long Blades
   475 | D:1      | Reached XP level 3. HP: 18/29 MP: 4/4
  1010 | D:2      | Reached skill level 4 in Long Blades
  1010 | D:2      | Reached XP level 4. HP: 16/35 MP: 5/5
  1706 | D:2      | Reached ** piety under Lugonu
  2269 | D:4      | Reached skill level 5 in Long Blades
  2269 | D:4      | Reached XP level 5. HP: 9/41 MP: 6/6
  2271 | D:4      | HP: 2/41 [worker ant (6)]
  2275 | D:4      | Slain by a worker ant

Skill      XL: |  1  2  3  4 |
---------------+-------------+-----
Long Blades    | 3 4 5 |  5.0
Fighting       | |  3.2
Armour         | |  2.1
Dodging        | |  0.8
Invocations    | |  2.1

Action                   |  1- 3 |  4- 6 || total
-------------------------+-------+-------++-------
Melee: Falchion          |    89 |    64 ||   153
Invok: Depart the Abyss  |     1 |       ||     1
  Use: Potion            |       |     2 ||     2
 Stab: Sleeping          |     1 |       ||     1
  Eat: Chunk             |       |     3 ||     3
Armor: Leather armour    |    18 |    12 ||    30
Dodge: Dodged            |    73 |    50 ||   123
       Rpst.: Falchion   |    25 |    16 ||    41
